 Dungeon Crawl Stone Soup version 0.21.1-1-g345015f (webtiles) character file.

240 kae the Insei (level 6, -4/39 HPs)
             Began as an Octopode Transmuter on May 26, 2018.
             Slain by a sky beast (6 damage)
             ... on level 6 of the Dungeon.
             The game lasted 00:03:33 (3968 turns).

kae the Insei (Octopode Transmuter)                 Turns: 3968, Time: 00:03:33

Health: -4/39      AC:  2    Str: 10    XL:     6   Next: 8%
Magic:  5/10       EV: 21    Int: 15    God:
Gold:   203        SH:  0    Dex: 19    Spells: 4/10 levels left

rFire    . . .     SeeInvis .     - Unarmed
rCold    . . .     Gourm    .   (shield currently unavailable)
rNeg     . . .     Faith    .   (helmet currently unavailable)
rPois    x         Spirit   .   (no amulet)
rElec    .         Reflect  .   (no ring)
rCorr    .         Harm     .   (no ring)
MR       .....                  (no ring)
Stlth    ++........             (no ring)
HPRegen  0.13/turn              (no ring)
MPRegen  0.12/turn              (no ring)
                                (no ring)
                                (no ring)

@: spider-form, very slightly contaminated
A: tiny, almost no armour, stealthy swim, (amphibious), 8 rings, (constrict 8)
a: End Transformation


You were on level 6 of the Dungeon.
You were not hungry.
You were a venomous arachnid creature.
You visited 1 branch of the dungeon, and saw 4 of its levels.

You collected 203 gold pieces.

Inventory:

Missiles
 a - 25 arrows
Armour
 l - a +0 buckler (melded)
Scrolls
 f - 2 scrolls of remove curse
Potions
 d - a potion of heal wounds
 e - a potion of lignification {unknown}
 g - 3 potions of curing
 i - a potion of flight
 j - a potion of might {unknown}
 k - a potion of resistance {unknown}
 o - a potion of agility {unknown}
Books
 b - a book of Changes

   Spells                             Type                      Level
   a - Beastly Appendage              Transmutation                1
   b - Sticks to Snakes               Transmutation                2
   c - Spider Form                    Transmutation/Poison         3
   d - Ice Form                       Ice/Transmutation            4
   e - Blade Hands                    Transmutation                5
Comestibles
 c - 6 rations
 h - a chunk of flesh


   Skills:
 + Level 2.0 Fighting
 + Level 2.7 Dodging
 + Level 1.0 Shields
 * Level 4.2 Unarmed Combat
 + Level 2.7 Spellcasting
 * Level 3.7 Transmutations


You had 4 spell levels left.
You knew the following spells:

 Your Spells              Type           Power        Failure   Level  Hunger
a - Beastly Appendage     Tmut           ##....       13%         1    #......
b - Sticks to Snakes      Tmut           ##......     19%         2    ##.....
c - Spider Form           Tmut/Pois      #.........   50%         3    ###....


Dungeon Overview and Level Annotations

Branches:
Dungeon (6/15)
 Temple: D:4-7

Altars:
Nemelex Xobeh

Annotations:
D:6 exclusions: bullfrog and ogre


Innate Abilities, Weirdness & Mutations

You cannot wear most types of armour.
You are very stealthy in the water. (Stealth+)
((You are amphibious.))
You can wear up to eight rings at the same time.
((You can use your tentacles to constrict eight enemies at once.))
((Your skin changes colour to match your surroundings (Stealth+).))
((Your rubbery body absorbs attacks. (AC +1, EV +1)))


Message History

You hit the leopard gecko.
The leopard gecko is poisoned.
The leopard gecko is severely wounded.
Something misses you. The leopard gecko closely misses you.
You closely miss the leopard gecko.
The leopard gecko is heavily wounded.
The leopard gecko misses you. Something hits you. Something shocks you.
You bite the leopard gecko!
You kill the leopard gecko!
Something hits you. Something shocks you.
* * * LOW HITPOINT WARNING * * *
You hit something. Something hits you.
* * * LOW HITPOINT WARNING * * *
Something shocks you.
* * * LOW HITPOINT WARNING * * *
You barely miss something.
A sky beast appears from thin air!
Reactivating autopickup.
The sky beast hits you.
* * * LOW HITPOINT WARNING * * *
The sky beast shocks you.
You die...

..##. ## .# ..... .. ..#
#........## .# ...#
..........##.##...#
#.................. .
#..................
%..###..................
..............#.s.#
..##).###...##Y###
#.........#รท...#
###.#....#.####
##.....##.....#
##.......#..##.#
#...........# ...
...........Y.....#
#.........#####....


You could see a sky beast.

Vanquished Creatures
  Natasha (thrice) (D:2)
  2 worker ants
  3 adders
  An adder skeleton (D:2)
  2 worms (D:2)
  3 dart slugs (D:1)
  4 leopard geckos
  A giant cockroach (D:2)
  15 goblins
  6 hobgoblins
  3 jackals (D:2)
  5 kobolds
  A quokka (D:2)
  8 bats
  6 frilled lizards
  3 rats
66 creatures vanquished.

Vanquished Creatures (collateral kills)
  Robin (D:2)
  An adder (D:2)
  2 goblins (D:2)
  A kobold (D:2)
  2 rats (D:2)
7 creatures vanquished.

Grand Total: 73 creatures vanquished

Notes
Turn   | Place    | Note
-------+----------+-------------------------------------------
     0 | D:1      | kae the Octopode Transmuter began the quest for the Orb.
     0 | D:1      | Reached XP level 1. HP: 13/13 MP: 3/3
   178 | D:1      | Reached XP level 2. HP: 15/18 MP: 3/5
   878 | D:1      | Reached XP level 3. HP: 23/23 MP: 6/6
  1292 | D:1      | Learned a level 2 spell: Sticks to Snakes
  1296 | D:1      | Learned a level 3 spell: Spider Form
  1299 | D:2      | HP: 1/23 [worm (11)]
  1974 | D:2      | Reached XP level 4. HP: 28/28 MP: 4/7
  2002 | D:2      | Noticed Robin
  2009 | D:2      | Killed Robin
  2737 | D:2      | Found a sparkling altar of Nemelex Xobeh.
  2762 | D:2      | Reached XP level 5. HP: 5/34 MP: 4/8
  3294 | D:2      | Noticed Natasha
  3301 | D:2      | Killed Natasha
  3528 | D:2      | Noticed Natasha
  3535 | D:2      | Killed Natasha
  3535 | D:2      | Reached skill level 4 in Unarmed Combat
  3695 | D:2      | Noticed Natasha
  3700 | D:2      | Killed Natasha
  3816 | D:3      | You fall through a shaft for 3 floors!
  3823 | D:6      | Noticed an ogre
  3839 | D:6      | Reached skill level 1 in Shields
  3839 | D:6      | Reached XP level 6. HP: 23/39 MP: 7/10
  3876 | D:6      | Noticed a sky beast
  3968 | D:6      | Slain by a sky beast

Skill      XL: |  1  2  3  4  5 |
---------------+----------------+-----
Transmutations | 3 |  3.7
Unarmed Combat | 4 |  4.2
Fighting       | 2 |  2.0
Shields        | 1 |  1.0
Dodging        | |  2.7
Spellcasting   | |  2.7

Action                   |  1- 3 |  4- 6 || total
-------------------------+-------+-------++-------
Melee: Unarmed           |    84 |    94 ||   178
       Constrict         |    28 |    17 ||    45
       Kick              |     7 |       ||     7
       Tentacles         |    11 |    10 ||    21
       Punch             |       |     2 ||     2
 Cast: Beastly Appendage |     9 |       ||     9
       Sticks to Snakes  |     6 |     8 ||    14
       Spider Form       |       |     2 ||     2
  Use: Potion            |       |     2 ||     2
       Scroll            |       |     6 ||     6
 Stab: Sleeping          |     2 |     3 ||     5
       Distracted        |       |     1 ||     1
  Eat: Chunk             |     4 |     7 ||    11
Armor: Skin              |    15 |     3 ||    18
Dodge: Dodged            |    66 |    54 ||   120
Block: Buckler           |       |     9 ||     9
